 Dungeon Sprint DCSS version 0.28.0-53-g5a82cb258f (webtiles) character file.

Game seed: 12100501850391682664

3600000 Zeld the Intangible (level 21, -5/187 HPs)
             Began as a Djinni Monk on June 6, 2022.
             Was the Champion of Makhleb.
             Slain by a meat berserker
             ... wielding a +9 battleaxe
              (85 damage)
             ... in the Dungeon (Sprint VIII: "Arena of Blood").
             The game lasted 00:01:13 (36 turns).

Zeld the Intangible (Djinni Monk)                     Turns: 36, Time: 00:01:14

Health: -5/187     AC:  2    Str: 18    XL:     21   Next: 52%
Gold:   0          EV: 30    Int: 13    God:    Makhleb [******] SH:  0 Dex: 18

rFire   + + .      SeeInvis .   g - +∞ Axe of Woe
rCold   x . .      Faith    .   (shield currently unavailable)
rNeg    . . .      Spirit   .   a - +0 robe
rPois   ∞          Reflect  .   (no helmet)
rElec   .          Harm     .   (no cloak)
rCorr   .          Rampage  .   (no gloves)
Will    ++...      NoTele   +   (boots unavailable)
Stlth   ++........              (no amulet)
HPRegen 0.41/turn               (no ring)
MPRegen 0.00/turn               (no ring)

@: flying
A: sickness immunity, fire resistance 2, cold vulnerability 1, float, innate
caster, HP casting, extra vitality 1
a: Renounce Religion, Minor Destruction, Lesser Servant of Makhleb, Major
Destruction, Greater Servant of Makhleb


You were in the Dungeon.
You worshipped Makhleb.
Makhleb was exalted by your worship.
You visited 1 branch

Inventory:

Hand Weapons
 g - the +∞ Axe of Woe (weapon)
   (You found it in the Dungeon)
Armour
 a - a +0 robe (worn)
Scrolls
 f - a scroll of blinking
Potions
 b - a potion of curing
 c - a potion of heal wounds
 d - a potion of haste
 e - a potion of berserk rage


   Skills:
 O Level 27 Fighting
 + Level 10.1(11.9) Short Blades
 + Level 10.1(11.9) Long Blades
 O Level 27 Axes
 + Level 9.2(20.5) Maces & Flails
 + Level 9.2(20.5) Polearms
 + Level 9.5(13.0) Staves
 + Level 8.7(10.3) Slings
 + Level 8.7 Bows
 + Level 8.7 Crossbows
 + Level 8.7(10.3) Throwing
 + Level 10.3 Armour
 O Level 27 Dodging
 - Level 1.5 Stealth
 + Level 10.3 Shields
 - Level 3.0 Unarmed Combat
 O Level 27 Spellcasting
 O Level 27 Invocations
 + Level 10.3 Evocations


You had 29 spell levels left.
You knew the following spells:

 Your Spells              Type           Power      Damage    Failure   Level
a - Apportation           Tloc           100%       N/A       0%          1
b - Scorch                Fire           100%       2d10      0%          2
c - Portal Projectile     Hex/Tloc       100%       N/A       0%          3
d - Tukima's Dance        Hex            73%        N/A       0%          3
e - Sticky Flame          Conj/Fire      73%        2d9       0%          4
f - Yara's Violent Unrav  Hex/Tmut       36%        3d15      0%          5
g - Conjure Ball Lightni  Conj/Air       36%        3x3d12    0%          6
h - Iron Shot             Conj/Erth      36%        9d7       0%          6
i - Enfeeble              Hex            36%        N/A       1%          7
j - Discord               Hex            36%        N/A       1%          8
Your spell library was empty.

Dungeon Overview and Level Annotations

Branches:
Dungeon (1/1)

Altars:
Makhleb


Innate Abilities, Weirdness & Mutations

You are immune to sickness and miasma.
You are immune to poison.
Your flesh is very heat resistant. (rF++)
You are vulnerable to cold. (rC-)
You float through the air rather than walking.
You learn spells naturally, not from books.
Your magical power is your life essence.
You have superior vitality. (+4 MHP)


Message History

Your Shields skill increases to level 10!
Your Evocations skill increases to level 10!
Unknown command.
Casting: Yara's Violent Unravelling (safe; 0% risk of failure)
Confirm with . or Enter, or press ? or * to list all spells.
Aiming: Yara's Violent Unravelling (safe; 0% risk of failure)
Press: ? - help, Dir - move target, f - large bag of meat, p - large bag of meat
Aim: a large bag of meat, wielding a +9 giant spiked club and wearing a +100 ring of slaying (flame, moderately wounded, fast, inner flame, strong, frenzied and insane)
The large bag of meat's magical effects unravel!
The enchantments explode!
The large bag of meat twists and deforms.
The unravelling engulfs the large bag of meat!
The large bag of meat is moderately wounded.
The bag of meat twists and deforms.
The unravelling engulfs the bag of meat!!
The bag of meat is moderately wounded.
The bag of meat twists and deforms.
The unravelling engulfs the bag of meat!
The bag of meat is moderately wounded.
You are engulfed in blazing flames.
You resist.
You hear a shout!
The meat berserker hits you with a +9 battleaxe!!!
You hear a shout! x2
The bag of meat hits the bag of meat with a +9 war axe!!
The bag of meat hits the large bag of meat with a +9 war axe!!
The large bag of meat is engulfed in blazing flames.
The bag of meat hits something with a +9 war axe!!
The bag of meat is engulfed in blazing flames.
The bag of meat hits something with a +9 war axe!!
The bag of meat hits the large bag of meat with a +9 war axe!!!
Something hits the bag of meat!!!
You hear a shout!
The large bag of meat is engulfed in blazing flames.
You hear a shout!
Something hits the bag of meat!!!!!
The bag of meat dies!
The bag of meat hits the bag of meat with a +9 war axe!!!
You hear a shout!
The meat berserker hits you with a +9 battleaxe!!!!
You die...

.. ..... #. ....#
#.. ...# ..
.###.. ...###...
......###........
......_.))......
#..§§)# #_.<)§#
#..☼O@#
......○§§)......
......###Oz......
.###.. °)§###...
#.. oO§# .. #.
.o○§# .. .o...
.)....


You could see a sculptor of flesh, 2 large bags of meat, a meat berserker
(berserk), a bag of meat and 2 neutral bags of meat.

Vanquished Creatures
  A vampire knight (D)
  9 ogres (D)
  2 two-headed ogres (D)
  19 orcs (D)
31 creatures vanquished.

Vanquished Creatures (collateral kills)
  A two-headed ogre (D)
  2 orcs (D)
3 creatures vanquished.

Vanquished Creatures (others)
  An orc (D)
1 creature vanquished.

Grand Total: 35 creatures vanquished

Notes
Turn   | Place    | Note
-------+----------+-------------------------------------------
     0 | D        | Found the +∞ Axe of Woe
     0 | D        | Zeld the Djinni Monk began the quest for the Orb.
     0 | D        | Reached XP level 1. HP: 20/20 MP: 0/0
     1 | D        | Noticed a meat berserker
     1 | D        | Noticed a bag of meat
     2 | D        | Noticed a meat berserker
     3 | D        | Became a worshipper of Makhleb the Destroyer
     3 | D        | Reached * piety under Makhleb
     3 | D        | Reached ** piety under Makhleb
     3 | D        | Noticed a bag of meat
     5 | D        | Killed a meat berserker
     6 | D        | Reached XP level 2. HP: 42/42 MP: 0/0
     6 | D        | Reached XP level 3. HP: 48/48 MP: 0/0
     6 | D        | Learned a level 1 spell: Apportation
     6 | D        | Reached XP level 4. HP: 54/54 MP: 0/0
     6 | D        | Reached XP level 5. HP: 59/59 MP: 0/0
     6 | D        | Learned a level 2 spell: Scorch
     6 | D        | Reached XP level 6. HP: 66/66 MP: 0/0
     6 | D        | Reached XP level 7. HP: 71/71 MP: 0/0
     6 | D        | Learned a level 3 spell: Portal Projectile
     6 | D        | Reached XP level 8. HP: 77/77 MP: 0/0
     6 | D        | Reached XP level 9. HP: 83/83 MP: 0/0
     6 | D        | Learned a level 3 spell: Tukima's Dance
     6 | D        | Reached XP level 10. HP: 89/89 MP: 0/0
     6 | D        | Reached XP level 11. HP: 94/94 MP: 0/0
     6 | D        | Learned a level 4 spell: Sticky Flame
     6 | D        | Reached XP level 12. HP: 101/101 MP: 0/0
     7 | D        | Killed a meat berserker
     8 | D        | Reached XP level 13. HP: 103/112 MP: 0/0
     8 | D        | Learned a level 5 spell: Yara's Violent Unravelling
     9 | D        | Killed a bag of meat
     9 | D        | Reached *** piety under Makhleb
     9 | D        | Killed a bag of meat
     9 | D        | Noticed a meat berserker
    10 | D        | Reached XP level 14. HP: 121/121 MP: 0/0
    10 | D        | Noticed a bag of meat
    10 | D        | Noticed a meat berserker
    10 | D        | Noticed a bag of meat
    10 | D        | Noticed a meat berserker
    10 | D        | Noticed a bag of meat
    10 | D        | Noticed a bag of meat
    12 | D        | Noticed a bag of meat
    14 | D        | Noticed a bag of meat
    16 | D        | Killed a meat berserker
    16 | D        | Killed a meat berserker
    16 | D        | Killed a bag of meat
    16 | D        | Reached **** piety under Makhleb
    16 | D        | Killed a meat berserker
    17 | D        | Reached skill level 15 in Spellcasting
    17 | D        | Reached XP level 15. HP: 135/135 MP: 0/0
    17 | D        | Learned a level 6 spell: Conjure Ball Lightning
    17 | D        | Reached XP level 16. HP: 142/142 MP: 0/0
    17 | D        | Noticed a meat berserker
    18 | D        | Reached ***** piety under Makhleb
    18 | D        | Noticed a meat berserker
    20 | D        | Reached XP level 17. HP: 151/151 MP: 0/0
    20 | D        | Learned a level 6 spell: Iron Shot
    20 | D        | Noticed a meat berserker
    20 | D        | Noticed a large bag of meat
    21 | D        | Killed a meat berserker
    22 | D        | Reached skill level 27 in Dodging
    22 | D        | Killed a meat berserker
    23 | D        | Noticed a large bag of meat
    24 | D        | Noticed a meat berserker
    25 | D        | Reached XP level 18. HP: 146/165 MP: 0/0
    25 | D        | Reached ****** piety under Makhleb
    26 | D        | Noticed a large bag of meat
    27 | D        | Reached skill level 27 in Fighting
    27 | D        | Killed a large bag of meat
    27 | D        | Killed a large bag of meat
    27 | D        | Killed a meat berserker
    28 | D        | Reached skill level 27 in Axes
    28 | D        | Reached skill level 27 in Invocations
    28 | D        | Reached XP level 19. HP: 150/174 MP: 0/0
    28 | D        | Learned a level 7 spell: Enfeeble
    28 | D        | Noticed a large bag of meat
    29 | D        | Noticed a large bag of meat
    30 | D        | Killed a meat berserker
    30 | D        | Noticed a meat berserker
    30 | D        | Noticed a destroyer
    31 | D        | Reached skill level 27 in Spellcasting
    31 | D        | Reached XP level 20. HP: 176/181 MP: 0/0
    31 | D        | Killed a destroyer
    32 | D        | Reached skill level 5 in Short Blades
    32 | D        | Reached skill level 5 in Long Blades
    32 | D        | Reached skill level 5 in Maces & Flails
    32 | D        | Reached skill level 5 in Polearms
    32 | D        | Reached skill level 5 in Staves
    32 | D        | Reached skill level 5 in Armour
    32 | D        | Reached skill level 5 in Shields
    32 | D        | Reached skill level 5 in Evocations
    33 | D        | Reached skill level 5 in Slings
    33 | D        | Reached skill level 5 in Bows
    33 | D        | Reached skill level 5 in Crossbows
    33 | D        | Reached skill level 5 in Throwing
    34 | D        | Reached XP level 21. HP: 182/187 MP: 0/0
    34 | D        | Learned a level 8 spell: Discord
    35 | D        | Killed a large bag of meat
    36 | D        | Reached skill level 10 in Short Blades
    36 | D        | Reached skill level 10 in Long Blades
    36 | D        | Reached skill level 10 in Armour
    36 | D        | Reached skill level 10 in Shields
    36 | D        | Reached skill level 10 in Evocations
    36 | D        | Slain by a meat berserker

Illustrated notes

Levels and vault maps discovered:
D:        meatsprint

Skill      XL: |  1  2  3  4  5  6  7  8  9 10 11 12 13 14 15 16 17 18 19 20 21 |
---------------+----------------------------------------------------------------+-----
Fighting       | 14 17 18 22 23 25 27 | 27.0
Axes           | 11 13 14 17 18 21 27 | 27.0
Dodging        | 16 18 20 24 26 27 | 27.0
Spellcasting   | 9 11 12 15 16 18 23 27 | 27.0
Invocations    | 12 14 16 20 21 24 27 | 27.0
Short Blades   | 8 10 | 10.1
Long Blades    | 8 10 | 10.1
Maces & Flails | 7 9 |  9.2
Polearms       | 7 9 |  9.2
Staves         | 7 9 |  9.5
Slings         | 7 8 |  8.7
Bows           | 7 8 |  8.7
Crossbows      | 7 8 |  8.7
Throwing       | 7 8 |  8.7
Armour         | 8 10 | 10.3
Shields        | 8 10 | 10.3
Evocations     | 8 10 | 10.3
Stealth        | |  1.5
Unarmed Combat | |  3.0

Action                   |  1- 3 |  4- 6 |  7- 9 | 10-12 | 13-15 | 16-18 | 19-21 || total
-------------------------+-------+-------+-------+-------+-------+-------+-------++-------
Melee: Executioner's axe |     1 |       |       |     1 |     2 |     9 |     4 ||    17
 Cast: Tukima's Dance    |       |       |       |     1 |     2 |       |       ||     3
       Yara's Violent Un |       |       |       |       |       |       |     2 ||     2
       Discord           |       |       |       |       |       |       |     1 ||     1
Dodge: Dodged            |     1 |       |       |       |     3 |       |     1 ||     5
